 Dungeon Crawl Stone Soup version 0.23-a0-322-g02c3efa (webtiles) character file.

6523 GizzardofKazz the Cleaver (level 10, -8/121 HPs)
             Began as a Deep Dwarf Fighter on Oct 15, 2018.
             Was a Priest of Makhleb.
             Mangled by Fannar
             ... wielding an uncursed staff of cold
              (12 damage)
             ... on level 10 of the Dungeon.
             The game lasted 00:26:04 (7504 turns).

GizzardofKazz the Cleaver (Deep Dwarf Fighter)      Turns: 7504, Time: 00:26:04

Health: -8/121     AC: 11    Str: 24    XL:     10   Next: 69%
Magic:  0/0        EV: 10    Int: 10    God:    Makhleb [***...]
Gold:   312        SH: 13    Dex: 13    Spells: 9/9 levels left

rFire    . . .     SeeInvis +   a - +0 war axe
rCold    . . .     Gourm    .   c - +0 shield
rNeg     + . .     Faith    .   B - +0 chain mail
rPois    .         Spirit   .   l - +0 helmet (curse)
rElec    .         Reflect  .   (no cloak)
rCorr    .         Harm     .   (no gloves)
MR       +....                  o - +0 pair of boots
Stlth    ..........             D - amulet of the acrobat
HPRegen  0.00/turn              e - ring of see invisible
MPRegen  0.07/turn              i - ring of positive energy

@: mighty, berserking (expiring), non-regenerating, very quick
A: damage resistance, heal wounds, repulsion field 1, blink, clumsy 1, sense
surroundings 2, no regeneration
a: Heal Wounds, Blink, Minor Destruction, Lesser Servant of Makhleb, Renounce
Religion


You were on level 10 of the Dungeon.
You worshipped Makhleb.
Makhleb was most pleased with you.
You were not hungry.

You visited 2 branches of the dungeon, and saw 11 of its levels.

You collected 477 gold pieces.
You spent 165 gold pieces at shops.

Inventory:

Hand Weapons
 a - a +0 war axe (weapon)
Armour
 c - a +0 shield (worn)
 l - a cursed +0 helmet (worn)
 o - a +0 pair of boots (worn)
 B - a +0 chain mail (worn)
Jewellery
 e - a ring of see invisible (left hand)
 i - a ring of positive energy (right hand)
 q - an uncursed ring of fire
 y - an uncursed ring of flight
 D - an amulet of the acrobat (around neck)
Wands
 n - a wand of random effects (23)
 v - a wand of paralysis (10)
 C - a wand of digging (17)
 G - a wand of iceblast (9)
Scrolls
 g - 3 scrolls of remove curse {unknown}
 h - 3 scrolls of enchant weapon {unknown}
 j - 4 scrolls of teleportation {unknown}
 m - a scroll of magic mapping {unknown}
 s - a scroll of enchant armour {unknown}
 x - a scroll of noise {unknown}
 z - 2 scrolls of torment {unknown}
 E - a scroll of fear {unknown}
Potions
 d - 3 potions of might
 p - a potion of flight {unknown}
 t - 2 potions of brilliance
 u - a potion of invisibility
 A - 3 potions of agility
Comestibles
 f - 16 rations
 k - 9 chunks of flesh


   Skills:
 - Level 2.6 Fighting
 + Level 12.6 Axes
 - Level 3.2 Armour
 - Level 1.2 Dodging
 - Level 0.7 Stealth
 + Level 12.4 Shields


You had 9 spell levels left.
You didn't know any spells.
Your spell library contained the following spells:

 Spells                   Type           Power        Failure   Level  Hunger
 Cause Fear               Hex            #.........   100%        4    #####..
 Silence                  Hex/Air        #.........   100%        5    ######.
 Yara's Violent Unravell  Hex/Tmut       #.........   100%        5    ######.
 Deflect Missiles         Chrm/Air       #.........   100%        6    #######
 Discord                  Hex            #.........   100%        8    #######


Dungeon Overview and Level Annotations

Branches:
Dungeon (10/15)            Temple (1/1) D:4            Lair (0/6) D:9
    Orc: D:9-12

Altars:
Ashenzari
Cheibriados
Dithmenos
Elyvilon
Fedhas
Gozag
Hepliaklqana
Kikubaaqudgha
Makhleb
Nemelex Xobeh
Okawaru
Qazlal
Ru
Sif Muna
Trog
Uskayaw
Vehumet
Wu Jian
Xom
Yredelemnul
Zin
The Shining One

Shops:
D:9 !

Annotations:
D:10 Fannar


Innate Abilities, Weirdness & Mutations

You are resistant to damage.
You can heal yourself by infusing magical energy.
You passively map the area around you.
You do not regenerate.
You are surrounded by a mild repulsion field. (EV +2)
You can translocate small distances at will.
You are clumsy. (Dex -2)


Message History

You hit Fannar.
Fannar is severely wounded.
You barely miss Fannar.
Fannar is severely wounded.
Fannar hits you with an uncursed staff of cold.
Fannar freezes you!
* * * LOW HITPOINT WARNING * * *
You closely miss Fannar.
Fannar is severely wounded.
You hit Fannar.
Fannar is severely wounded.
Fannar gestures at you while chanting. The bolt of cold hits you!
* * * LOW HITPOINT WARNING * * *
You hear an angry buzzing noise. x2
You slash Fannar!
Fannar is almost dead.
Fannar hits you with an uncursed staff of cold.
Fannar freezes you!
You die...

##.......................
,,,
*#......................
,,
#......................
##..........###.........
, ##..[.......##
*#........, ,
............# #........,
, , ............##
##Z...Z... ,,
.............###e###.##..
, , ................@# *
, ,,,, ...........^.....#
*,* .................# *
, * .................#* *
, , ** ........[........#
* ,, , .................#
...........>......# , *
################### , **
*


You could see Fannar and a centaur warrior skeleton.

Vanquished Creatures
  A centaur warrior (D:10)
  A komodo dragon (D:9)
  A troll (D:9)
  Prince Ribbit (D:8)
  2 hippogriffs
  Sigmund (D:5)
  A vampire (D:9)
  Duvessa (D:5)
  4 sky beasts
  An eye of draining (D:9)
  4 ice beasts
  2 orc warriors
  4 ogres
  A phantom (D:4)
  5 centaurs
  5 bullfrogs
  A wyvern zombie (D:9)
  Dowan (D:5)
  2 scorpions
  6 killer bees (D:9)
  5 wights (D:7)
  4 howler monkeys
  2 crimson imps
  A bullfrog zombie (D:5)
  A centaur zombie (D:9)
  2 quasits
  4 jellies
  4 orc priests
  A bullfrog skeleton (D:9)
  6 hounds
  Jessica (D:2)
  An iguana (D:8)
  Terence (D:2)
  8 orc wizards
  Natasha (thrice) (D:3)
  6 worker ants
  2 hound zombies
  A hound skeleton (D:5)
  Robin (D:3)
  A howler monkey zombie (D:5)
  3 worker ant zombies
  12 adders
  A shadow imp (D:6)
  An ooze (D:7)
  An adder skeleton (D:8)
  2 worms
  2 dart slugs (D:1)
  5 leopard geckos
  49 orcs
  5 bats
  4 giant cockroaches
  14 goblins
  6 hobgoblins
  4 jackals (D:2)
  5 quokkas
  6 frilled lizards
  A jackal skeleton (D:4)
  10 kobolds
  5 rats
  3 plants (D:9)
239 creatures vanquished.

Vanquished Creatures (others)
  2 plants (D:9)
2 creatures vanquished.

Grand Total: 241 creatures vanquished

Notes
Turn   | Place    | Note
-------+----------+-------------------------------------------
     0 | D:1      | GizzardofKazz the Deep Dwarf Fighter began the quest for
                  | the Orb.
     0 | D:1      | Reached XP level 1. HP: 20/20 MP: 1/1
   140 | D:1      | Reached XP level 2. HP: 13/27 MP: 2/2
   771 | D:1      | Reached XP level 3. HP: 25/33 MP: 3/3
   871 | D:2      | Noticed a scorpion
   882 | D:2      | Killed a scorpion
   882 | D:2      | Reached XP level 4. HP: 23/40 MP: 4/4
  1021 | D:2      | Noticed Terence
  1034 | D:2      | Killed Terence
  1140 | D:2      | Reached XP level 5. HP: 34/46 MP: 5/5
  1392 | D:2      | Noticed Jessica
  1400 | D:2      | Killed Jessica
  1708 | D:3      | Noticed Natasha
  1714 | D:3      | Killed Natasha
  1714 | D:3      | Reached skill level 5 in Axes
  1714 | D:3      | Reached skill level 1 in Dodging
  1729 | D:3      | Reached skill level 5 in Shields
  1743 | D:3      | Noticed Natasha
  1747 | D:3      | Killed Natasha
  1971 | D:3      | Noticed Natasha
  1976 | D:3      | Killed Natasha
  1976 | D:3      | Reached XP level 6. HP: 50/55 MP: 6/6
  2004 | D:3      | Noticed Robin
  2020 | D:3      | Killed Robin
  2387 | D:4      | Reached XP level 7. HP: 26/61 MP: 7/7
  2607 | D:4      | Found a staircase to the Ecumenical Temple.
  2616 | Temple   | Entered the Ecumenical Temple
  2624 | Temple   | Became a worshipper of Makhleb the Destroyer
  3436 | D:5      | Entered Level 5 of the Dungeon
  3600 | D:5      | Reached XP level 8. HP: 24/68 MP: 6/6
  3870 | D:5      | Noticed Dowan
  3871 | D:5      | Noticed Duvessa
  3875 | D:5      | Killed Dowan
  3892 | D:5      | Killed Duvessa
  3927 | D:5      | Reached * piety under Makhleb
  4051 | D:5      | Noticed Sigmund
  4064 | D:5      | Killed Sigmund
  4328 | D:6      | Found a shadowy altar of Dithmenos.
  4394 | D:6      | Gained mutation: You passively map the area around you.
                  | [Deep Dwarf growth]
  4394 | D:6      | Reached XP level 9. HP: 54/74 MP: 3/3
  4783 | D:6      | Reached skill level 10 in Axes
  4821 | D:6      | Found a bloodstained altar of Trog.
  4998 | D:7      | Reached ** piety under Makhleb
  4998 | D:7      | Reached skill level 10 in Shields
  5798 | D:8      | Reached *** piety under Makhleb
  5895 | D:8      | Noticed Prince Ribbit
  5905 | D:8      | Reached XP level 10. HP: 36/81 MP: 1/1
  5920 | D:8      | Killed Prince Ribbit
  6494 | D:9      | Found Zymerac's Distillery.
  6502 | D:9      | Bought a potion of heal wounds for 55 gold pieces
  6502 | D:9      | Bought a potion of heal wounds for 55 gold pieces
  6502 | D:9      | Bought a potion of heal wounds for 55 gold pieces
  6922 | D:9      | Found a staircase to the Lair.
  7236 | D:10     | Entered Level 10 of the Dungeon
  7258 | D:10     | Noticed a centaur warrior
  7274 | D:10     | Killed a centaur warrior
  7353 | D:10     | Gained mutation: You can translocate small distances at
                  | will. [potion of mutation]
  7353 | D:10     | Gained mutation: You are clumsy. (Dex -2) [potion of
                  | mutation]
  7353 | D:10     | Gained mutation: You are surrounded by a mild repulsion
                  | field. (EV +2) [potion of mutation]
  7483 | D:10     | Noticed Fannar
  7503 | D:10     | HP: 4/121 [Fannar/bolt of cold (24)]
  7504 | D:10     | Mangled by Fannar

Vault maps used:
D:1:      psy_arrival_fountain, minivault_27
D:2:      uniq_terence, uniq_jessica
D:3:      uniq_robin, uniq_natasha
D:4:      minmay_temple_entry_statues_pillars, first_ration,
          hangedman_decor_peaks_small
D:5:      uniq_duvessa, uniq_sigmund
D:6:      kennysheep_little_box, grunt_dithmenos_smoke_and_mirrors
D:8:      uniq_prince_ribbit1
D:9:      david_lair_shrubbed, serial_shops, shop
D:10:     serial_shops, shop, hangedman_pestilent_swarm, minmay_statues_item,
          minmay_strange_pillars, kb_xom_exploding_sheep, uniq_fannar
Temple:   dpeg_three_leaves_temple

Skill      XL: |  1  2  3  4  5  6  7  8  9 10 |
---------------+-------------------------------+-----
Shields        | 4 5 6 7 9 11 12 | 12.4
Axes           | 3 4 5 6 7 9 11 12 | 12.6
Dodging        | 1 |  1.2
Fighting       | |  2.6
Armour         | |  3.2
Stealth        | |  0.7

Action                   |  1- 3 |  4- 6 |  7- 9 | 10-12 || total
-------------------------+-------+-------+-------+-------++-------
Melee: War axe           |   104 |   152 |   579 |   257 ||  1092
 Abil: Heal Wounds       |     1 |     3 |    20 |     6 ||    30
  Use: Scroll            |       |       |     7 |     1 ||     8
       Potion            |       |       |     3 |    10 ||    13
  Eat: Chunk             |       |     5 |    13 |     5 ||    23
Armor: Scale mail        |    47 |    47 |   172 |    78 ||   344
       Chain mail        |       |       |       |     1 ||     1
Dodge: Dodged            |    31 |    40 |   171 |    89 ||   331
Block: Shield            |    67 |    86 |   343 |   159 ||   655

Table legend:
 A = Non-vault XP
 B = Vault XP
 C = Vault XP percentage of total XP
 D = Non-vault monster count
 E = Vault monster count
 F = Vault count percentage of total count
                 A         B        C        D         E       F
            +---------+---------+-------+---------+---------+-------
      Total |    8112 |    1207 |  13.0 |     217 |      19 |   8.1
            +---------+---------+-------+---------+---------+-------
        D:1 |      43 |       0 |   0.0 |      25 |       0 |   0.0
        D:2 |     143 |      73 |  33.8 |      23 |       2 |   8.0
        D:3 |     118 |      69 |  36.9 |      16 |      12 |  42.9
        D:4 |     673 |       0 |   0.0 |      24 |       0 |   0.0
        D:5 |     953 |     441 |  31.6 |      34 |       3 |   8.1
        D:6 |     872 |       0 |   0.0 |      19 |       0 |   0.0
        D:7 |    1223 |       0 |   0.0 |      24 |       0 |   0.0
        D:8 |    1023 |     286 |  21.8 |      21 |       1 |   4.5
        D:9 |    1746 |     338 |  16.2 |      22 |       1 |   4.3
       D:10 |    1318 |       0 |   0.0 |       9 |       0 |   0.0
            +---------+---------+-------+---------+---------+-------
